 Dungeon Crawl Stone Soup version 0.32-a0-699-g1ee5eff69a (webtiles) character file.

Game seed: 15151308489607952340

110 arcshroob the Changeling (level 4, -1/24 HPs)
             Began as a Spriggan Shapeshifter on Mar 13, 2024.
             Was an Initiate of Beogh.
             Killed by divine providence
             ... invoked by an orc priest
              (13 damage)
             ... on level 4 of the Dungeon.
             The game lasted 00:06:17 (2767 turns).

arcshroob the Changeling (Spriggan Shapeshifter)    Turns: 2767, Time: 00:06:20

Health: -1/24      AC:  2    Str: 12    XL:     4   Next: 61%
Magic:  14/14      EV: 18    Int:  7    God:    Beogh [......]
Gold:   126        SH:  0    Dex: 18    Spells: 3/3 levels left

rFire   . . .        o - +6 short sword "Cecu" {heavy, MP+9 Int-4 Dex+4}
rCold   . . .        (no shield)
rNeg    . . .        a - +0 animal skin
rPois   .            (helmet currently unavailable)
rElec   .            (cloak currently unavailable)
rCorr   .            (gloves unavailable)
SInv    +            (boots unavailable)
Will    .....        (no amulet)
Stlth   ++           (no ring)
HPRegen 0.24/turn    (no ring)
MPRegen 0.14/turn

%: no passive effects
@: beast-form, very quick
A: beast (slay +2), very small, no large weapons, unfitting armour, see
invisible, speed 3
a: Begin Untransformation, Renounce Religion


You were on level 4 of the Dungeon.
You worshipped Beogh.
Beogh was noncommittal.
You were a hulking beast.
You visited 1 branch of the dungeon, and saw 4 of its levels.

You collected 126 gold pieces.

Inventory:

Hand Weapons
 o - the +6 short sword "Cecu" (weapon) {heavy, MP+9 Int-4 Dex+4}
   (You found it on level 2 of the Dungeon)

   Int-4:     It affects your intelligence (-4).
   Dex+4:     It affects your dexterity (+4).
   MP+9:      It affects your magic capacity (+9).
Missiles
 h - 20 poisoned darts (quivered)
Armour
 a - a +0 animal skin (worn)
Jewellery
 m - an amulet of guardian spirit
 r - a +6 ring of strength
Talismans
 c - a beast talisman (active)
 d - a flux talisman
Scrolls
 j - 2 scrolls of enchant armour {unknown}
 k - 3 scrolls of identify
 l - a scroll of poison
 n - a scroll of torment
 q - a scroll of teleportation
Potions
 b - a potion of lignification
 e - a potion of mutation {unknown}
 f - 4 potions of attraction
 g - a potion of berserk rage {unknown}
 i - 4 potions of curing
 p - 2 potions of heal wounds {unknown}


   Skills:
 - Level 3.0 Fighting
 - Level 4.0 Dodging
 + Level 2.7 Unarmed Combat
 - Level 4.0 Shapeshifting


You had 3 spell levels left.
You didn't know any spells.
Your spell library contained the following spells:

 Spells                   Type           Power      Damage    Failure   Level
 Hailstorm                Conj/Ice       0%         3d5       80%         3
 Stone Arrow              Conj/Erth      0%         3d7       80%         3
 Summon Ice Beast         Ice/Summ       0%         N/A       80%         3
 Animate Armour           Summ/Erth      0%         N/A       99%         4
 Permafrost Eruption      Ice/Erth       0%         2x4d2     100%        6
 Sculpt Simulacrum        Ice/Alch       0%         N/A       100%        6
 Lehudib's Crystal Spear  Conj/Erth      0%         10d2      100%        8


Dungeon Overview and Level Annotations

Branches:
Dungeon (4/15)
 Temple: D:4-7

Altars:


Innate Abilities, Weirdness & Mutations

You are a hulking beast.
Your limbs bulge with bestial killing power. (Slay +2)
You are very small and have problems with some larger weapons.
You are too small for most types of armour.
You have supernaturally acute eyesight. (SInv)
You cover ground extremely quickly. (Speed+++)


Message History

You miss the adder.
The adder is severely wounded.
The adder bites you.
You are poisoned.
The adder poisons you! The adder bites you but does no damage.
You puncture the adder!
You kill the adder!
Beogh accepts your kill.
You feel sick.
You feel sick.
You feel sick.
You feel sick.
You are no longer poisoned.
HP restored.
i - 4 potions of curing (gained 1)
You open the door.
There is an open door here.
f - 4 potions of attraction (gained 1)
r - a +6 ring of strength
Found 4 stones.
An orc comes into view. It is wielding a +0 club.
An orc is nearby!
An orc priest comes into view. It is wielding a +0 whip.
An orc comes into view. It is wielding a +0 hand axe.
You see here 4 stones.
An endoplasm, an orc and an iguana come into view.
The orc shouts! x2; The orc priest shouts!
The iguana hisses angrily.
You barely miss the orc. The orc closely misses you.
The orc shouts!
You see here 4 stones.
The orc priest invokes the aid of Beogh against you.
Beogh smites you! The orc hits you with a +0 club.
You hit the orc.
The orc is severely wounded.
The orc priest invokes the aid of Beogh against you.
Beogh smites you!
Ouch! That really hurt!
You die...
Beogh appreciates the orc priest's killing of a heretic priest.

#...# #.#.## ######.#..###
.......##...#
.##.#######.# . .##+##
##.## #####.. .#...#
#...### ##......# ...⌠.##
##.⌠...###..J..... .#....#
#....#..hoool.....
.##...###.).######..o.....
.##....#....# #........ .#
#.....).## #........ .#
#.<.†.<.# #...##...
.###.......## ###..## ##
.##....#....# ..#...
.##...###...##...#...
.#....# #....#...#


You could see an iguana, an orc priest, 3 orcs and an endoplasm.

Vanquished Creatures
  3 adders
  A shadow imp (D:3)
  A ribbon worm (D:3)
  4 orcs (D:3)
  8 ball pythons
  14 endoplasms
  3 giant cockroaches
  3 goblins
  5 hobgoblins
  3 jackals (D:3)
  4 bats
  3 frilled lizards
  8 kobolds
  3 rats
63 creatures vanquished.

Notes
Turn   | Place    | Note
-------+----------+-------------------------------------------
     0 | D:1      | arcshroob the Spriggan Shapeshifter began the quest for the
                  | Orb.
     0 | D:1      | Reached XP level 1. HP: 9/9 MP: 2/2
    51 | D:1      | Reached skill level 1 in Fighting
   172 | D:1      | Reached XP level 2. HP: 11/15 MP: 3/3
   912 | D:2      | Reached XP level 3. HP: 12/19 MP: 4/4
   982 | D:2      | Identified the +6 short sword "Cecu" {heavy, MP+9 Int-4
                  | Dex+4}
  1843 | D:3      | Reached XP level 4. HP: 24/24 MP: 5/5
  1853 | D:3      | Became a worshipper of Beogh the Shepherd
  2767 | D:4      | Killed from afar by an orc priest

Illustrated notes

Levels and vault maps discovered:
D:1:      giann_bridges, layout_basic, minmay_pentomino_s4
D:2:      layout_basic, grunt_decor_arrowhead
D:3:      layout_loops_corners, corexii_corridor_pit
D:4:      layout_gridville, minmay_overflow_temple_star_quad,
          grunt_ministairs_13

Skill      XL: |  1  2  3  4 |
---------------+-------------+-----
Fighting       | 1 2 3 |  3.0
Dodging        | 3 4 |  4.0
Unarmed Combat | |  2.7
Shapeshifting  | |  4.0

Action                     |  1- 3 |  4- 6 || total
---------------------------+-------+-------++-------
  Melee: Unarmed           |    77 |       ||    77
         Punch             |     1 |       ||     1
         Short sword       |    29 |    35 ||    64
 Invoke: Convert to Beogh  |       |     1 ||     1
    Use: Scroll            |     8 |       ||     8
   Stab: Sleeping          |     3 |     1 ||     4
 Armour: Animal skin       |    30 |     9 ||    39
  Dodge: Dodged            |    94 |    19 ||   113

Table legend: (Time is in decaauts)
 A = Elapsed time spent in this place.
 B = Non-inter-level travel time spent in this place.
 C = Inter-level travel time spent in this place.
 D = Time resting spent in this place.
 E = Time spent auto-exploring this place.
 F = Levels seen in this place.
 G = Mean time per level.
                   A        B        C        D        E       F      G
               +--------+--------+--------+--------+--------+-----+--------+
         Total |   1926 |   1919 |      7 |    112 |   1311 |   4 |  481.5 |
       Dungeon |   1926 |   1919 |      7 |    112 |   1311 |   4 |  481.5 |
               +--------+--------+--------+--------+--------+-----+--------+

Top non-repeatable levels by time:
     D:3: 619 daAuts
     D:2: 610 daAuts
     D:1: 598 daAuts
     D:4: 99 daAuts
